cohdb
Replays
Latest Replays
All Replays
Popular Replays
Top Player Replays
Match Explorer
How It Works
Community
CoH3 Stats
Reddit
Sign in to upload your games and track your stats! →
Sign in with Steam
Match 42718362
Unlisted
Match 42718362
Overview
Messages
Build Orders
End
Kradschützen Motorcycle Team
250 Light Carrier
Construct Light Support Kompanie
MG34 Team
Selects Italian Infantry
Selects Defensive Operations
Panzerjäger Squad
Combat Half-tracks
Assault Mechanized Group
Construct Mechanized Kompanie
Selects Guastatori Squad
Guastatori Squad
Construct Panzerarmee Kommand
254 Reconnaissance Tractor
Selects Registered Artillery
Flak 36 Anti-tank Gun Team
Walking Stuka Rocket Launcher
Selects Towed Cannone da 105/28 Field Howitzer
Registered Artillery
Towed Cannone da 105/28 Field Howitzer
Registered Artillery
daskro
Shiznit
Humuspfanne
Narobit
dan legend
DeKoninck23
LOS DIABLES DEL RIOCON LECHE
Hshm96
0
0
Comments
sign in to comment!
No comments posted yet!